 Dungeon Crawl Stone Soup version 0.24-a0-335-g06ca16a (webtiles) character file.

Game seed: 15188621478667715404

92 MisterFreud the Changer (level 4, 0/28 HPs)
             Began as an Octopode Transmuter on May 18, 2019.
             Slain by a leopard gecko (3 damage)
             ... on level 2 of the Dungeon.
             The game lasted 00:04:05 (2054 turns).

MisterFreud the Changer (Octopode Transmuter)       Turns: 2054, Time: 00:04:06

Health: 0/28       AC:  1    Str:  9    XL:     4   Next: 60%
Magic:  8/8        EV: 13    Int: 16    God:
Gold:   95         SH:  0    Dex: 12    Spells: 2/8 levels left

rFire    . . .     SeeInvis .     - Unarmed
rCold    . . .     Gourm    .   (no shield)
rNeg     . . .     Faith    .   (helmet restricted)
rPois    .         Spirit   .   e - amulet of inaccuracy (curse)
rElec    .         Reflect  .   (no ring)
rCorr    .         Harm     .   (no ring)
MR       .....                  (no ring)
Stlth    ++........             (no ring)
HPRegen  0.09/turn              (no ring)
MPRegen  0.11/turn              (no ring)
                                (no ring)
                                (no ring)

@: no status effects
A: almost no armour, stealthy swim, amphibious, 8 rings, constrict 8, camouflage
1, gelatinous body 1
a: no special abilities


You were on level 2 of the Dungeon.
You were not hungry.

You visited 1 branch of the dungeon, and saw 3 of its levels.

You collected 95 gold pieces.

Inventory:

Missiles
 a - 45 arrows
 b - 40 bolts
 d - 29 stones (quivered)
 g - 18 sling bullets
 h - 15 poisoned darts
Jewellery
 e - a cursed amulet of inaccuracy (around mantle)
Scrolls
 j - a scroll of enchant armour
Potions
 f - 2 potions of cancellation
 i - 2 potions of mutation {unknown}
Comestibles
 c - 2 rations
 k - 8 chunks of flesh


   Skills:
 - Level 1.0 Fighting
 - Level 2.0 Dodging
 - Level 3.0 Unarmed Combat
 + Level 2.9 Spellcasting
 * Level 4.0 Transmutations


You had 2 spell levels left.
You knew the following spells:

 Your Spells              Type           Power        Failure   Level  Hunger
a - Beastly Appendage     Tmut           ###...       3%          1    #......
b - Sticks to Snakes      Tmut           ###.....     5%          2    ##.....
c - Spider Form           Tmut/Pois      #.........   24%         3    ###....

Your spell library contained the following spells:

 Spells                   Type           Power        Failure   Level  Hunger
 Ice Form                 Ice/Tmut       #.......     63%         4    #####..
 Blade Hands              Tmut           ###.......   69%         5    ######.


Dungeon Overview and Level Annotations

Branches:
Dungeon (3/15)

Altars:
Gozag


Innate Abilities, Weirdness & Mutations

You cannot wear most types of armour.
You are very stealthy in the water. (Stealth+)
You are amphibious.
You can wear up to eight rings at the same time.
You can use your tentacles to constrict eight enemies at once.
Your skin changes colour to match your surroundings (Stealth+).
Your rubbery body absorbs attacks. (AC +1, EV +1)


Message History

You constrict the hobgoblin.
You kill the hobgoblin!
You start resting.
You feel sick. x2
Your tentacle spike disappears.
You start resting.
You feel sick.
You are no longer poisoned.
You start resting.
A leopard gecko comes into view.
You see here 4 stones.
Things that are here:
a stone; a rat corpse A rat comes into view.
The leopard gecko hisses angrily.
The leopard gecko bites you.
* * * LOW HITPOINT WARNING * * *
You tentacle-slap the leopard gecko but do no damage.
Your grab misses the leopard gecko. The leopard gecko bites you.
You die...

########## ##.......?## ##
##...####...### ..#
#..#......#...# )..#
###....<###@l...# ###...#
#......)..##.#..###....... ###
#.#.#.#...........(....... ..##
#.#.#.#.#.................
#..###.#.#.#.####.#..##(##....#
##.....#.....####.#..##(# ..#
.#######.#........#..##.# ....
.#######.###.######..##)##....
.............######............


You could see a leopard gecko.

Vanquished Creatures
  3 adders
  An ooze (D:2)
  A dart slug (D:1)
  2 worms
  2 leopard geckos (D:2)
  10 bats
  A giant cockroach (D:3)
  6 goblins
  7 hobgoblins
  2 jackals (D:1)
  4 kobolds
  3 quokkas
  3 frilled lizards
  7 rats
52 creatures vanquished.

Notes
Turn   | Place    | Note
-------+----------+-------------------------------------------
     0 | D:1      | MisterFreud the Octopode Transmuter began the quest for the
                  | Orb.
     0 | D:1      | Reached XP level 1. HP: 13/13 MP: 3/3
    37 | D:1      | Reached XP level 2. HP: 15/18 MP: 5/5
   567 | D:1      | Reached skill level 3 in Transmutations
   572 | D:1      | Reached XP level 3. HP: 23/23 MP: 4/6
   823 | D:2      | Found an opulent altar of Gozag.
  1165 | D:2      | Noticed a phantom
  1485 | D:3      | Reached XP level 4. HP: 15/28 MP: 8/8
  1628 | D:3      | Learned a level 2 spell: Sticks to Snakes
  1632 | D:3      | Learned a level 3 spell: Spider Form
  2004 | D:2      | Reached skill level 4 in Transmutations
  2054 | D:2      | Slain by a leopard gecko

Levels and vault maps discovered:
D:1:      dpeg_arrival_orchard, layout_loops_cross
D:2:      layout_loops_ring, grunt_temple_overflow_opulence, grunt_gozag_statues
D:3:      layout_loops_ring, cheibrodos_ashenzari_chains, lemuel_angel_altar

Skill      XL: |  1  2  3  4 |
---------------+-------------+-----
Transmutations | 3 4 |  4.0
Fighting       | |  1.0
Dodging        | |  2.0
Unarmed Combat | |  3.0
Spellcasting   | |  2.9

Action                   |  1- 3 |  4- 6 || total
-------------------------+-------+-------++-------
Melee: Unarmed           |   108 |    44 ||   152
       Constrict         |    26 |    10 ||    36
       Tentacles         |    14 |     3 ||    17
       Kick              |     4 |    11 ||    15
       Punch             |     1 |       ||     1
 Cast: Beastly Appendage |     4 |     4 ||     8
  Use: Scroll            |     4 |     1 ||     5
 Stab: Sleeping          |     7 |     3 ||    10
  Eat: Chunk             |     2 |     2 ||     4
Armor: Skin              |    14 |     4 ||    18
Dodge: Dodged            |    72 |    35 ||   107

Table legend:
 A = Non-vault XP
 B = Vault XP
 C = Vault XP percentage of total XP
 D = Non-vault monster count
 E = Vault monster count
 F = Vault count percentage of total count
                 A         B        C        D         E       F
            +---------+---------+-------+---------+---------+-------
      Total |     132 |       0 |   0.0 |      52 |       0 |   0.0
            +---------+---------+-------+---------+---------+-------
        D:1 |      38 |       0 |   0.0 |      24 |       0 |   0.0
        D:2 |      68 |       0 |   0.0 |      21 |       0 |   0.0
        D:3 |      26 |       0 |   0.0 |       7 |       0 |   0.0
            +---------+---------+-------+---------+---------+-------
